 Dungeon Crawl Stone Soup version 0.31-a0-1229-gf58a9bc (webtiles) character file.

Game seed: 13758592938971219843

637568 rhdgurwns the Skinwalker (level 27, 266/266 HPs)
             Began as an Octopode Shapeshifter on Dec 8, 2023.
             Was an Initiate of Gozag.
             Quit the game on level 3 of the Depths on Dec 14, 2023.
             The game lasted 04:27:38 (76605 turns).

rhdgurwns the Skinwalker (Octopode Shapeshifter)   Turns: 76605, Time: 04:27:39

Health: 266/266    AC: 38    Str: 42    XL:     27
Magic:  42/42      EV: 35    Int: 20    God:    Gozag
Gold:   3086       SH: 17    Dex: 28    Spells: 48/56 levels left

rFire   + +          +
                       - Unarmed
rCold   + + +        W - +0 kite shield of the Nine Teeth {rCorr Str+2}
rNeg    + + +        t - +0 hat "Ugatuot" {rF+ Dex+3}
rPois   ∞            k - macabre finger necklace {Finger+ rN+}
rElec   +            o - +4 ring of slaying
rCorr   +            b - ring of see invisible
SInv    +            K - ring of Xyepedeso {rF+ Will++}
Will    +++++        f - ring "Qacaud" {Fly rC+ Str+2}
Stlth   +++++++++    g - ring of Prescription {rElec Will+ Str+6 Dex+3}
HPRegen 0.64/turn    E - ring of Day {^Drain Str+6 Int+8 Slay+5 Stlth-}
MPRegen 0.28/turn    V - ring "Nublay" {rPois rC+ rN+ Int+2 Dex+2}
                     Y - ring of Siovoach {rElec rC+ EV+5 Str+3}
                     i - ring "Lukos" {rPois rF+ Will+ Str+6 Int-5 Dex+3}

%: random rage (3%)
@: statue-form, flying, studying Hexes, very slow
A: slow and powerful, torment resistance 1, boosted hp, almost no armour,
amphibious, 8 rings, camouflage 1, (gelatinous body 1), (nimble swimmer 1),
tentacles, large bone plates 1, berserk 1, clumsy 1, strong-willed 1, subdued
magic 2, persistent drain
}: 3/15 runes: serpentine, barnacled, silver
a: Begin Untransformation, Renounce Religion, Potion Petition, Call Merchant,
Bribe Branch


You were on level 3 of the Depths.
You worshipped Gozag.
Gozag was most pleased with you.
You were a living statue of rough stone.
You visited 11 branches of the dungeon, and saw 49 of its levels.
You visited Pandemonium 2 times, and saw 3 of its levels.
You visited 1 bazaar.
You also visited: Trove, Sewer, Bailey and Volcano.

You collected 34651 gold pieces.
You spent 10189 gold pieces at shops.
You paid 21376 gold pieces to Gozag.

Inventory:

Armour
 t - the +0 hat "Ugatuot" (worn) {rF+ Dex+3}
   (You acquired it on level 2 of the Snake Pit)

   Dex+3:     It affects your dexterity (+3).
   rF+:       It protects you from fire.
 O - an orb of guile
 W - the +0 kite shield of the Nine Teeth (worn) {rCorr Str+2}
   (You took it off Asterion on level 2 of the Snake Pit)

   Str+2:     It affects your strength (+2).
   rCorr:     It protects you from acid and corrosion.
Jewellery
 b - a ring of see invisible (right tentacle)
 f - the ring "Qacaud" (on tentacle) {Fly rC+ Str+2}
   (You found it in a treasure trove)

   [ring of flight]

   Str+2:     It affects your strength (+2).
   rC+:       It protects you from cold.
   Fly:       It grants you flight.
 g - the ring of Prescription (on tentacle) {rElec Will+ Str+6 Dex+3}
   (You bought it in a shop on level 4 of the Vaults)

   [ring of strength]

   Str+6:     It affects your strength (+6).
   Dex+3:     It affects your dexterity (+3).
   rElec:     It insulates you from electricity.
   Will+:     It increases your willpower.
 i - the ring "Lukos" (on amulet) {rPois rF+ Will+ Str+6 Int-5 Dex+3}
   (You found it in a treasure trove)

   [ring of strength]

   Str+6:     It affects your strength (+6).
   Int-5:     It affects your intelligence (-5).
   Dex+3:     It affects your dexterity (+3).
   rF+:       It protects you from fire.
   rPois:     It protects you from poison Will+: It increases your willpower.
 k - the macabre finger necklace (around mantle) {Finger+ rN+}
   (You bought it in a shop on level 4 of the Vaults)

   [amulet of nothing]

   Finger+:   It enables you to equip an extra ring.
   rN+:       It protects you from negative energy.
 l - the ring "Jupsyh" {AC+4 Dex+5}
   (You found it in a treasure trove)

   [ring of protection]

   AC+4:      It affects your AC (+4).
   Dex+5:     It affects your dexterity (+5).
 o - a +4 ring of slaying (left tentacle)
 z - the ring of Zoeph {rPois rN+ Str+2}
   (You found it on level 3 of the Realm of Zot)

   [ring of poison resistance]

   Str+2:     It affects your strength (+2).
   rPois:     It protects you from poison rN+: It protects you from negative
   energy.
 E - the ring of Day (on tentacle) {^Drain Str+6 Int+8 Slay+5 Stlth-}
   (You found it in a treasure trove)

   [ring of strength]

   Str+6:     It affects your strength (+6).
   Int+8:     It affects your intelligence (+8).
   Slay+5:    It affects your accuracy & damage with ranged weapons and melee
   (+5).
   ^Drain:    It drains your maximum health when unequipped.
   Stlth-:    It makes you less stealthy.
 H - a +4 ring of slaying
 K - the ring of Xyepedeso (on tentacle) {rF+ Will++}
   (You took it off a deep elf annihilator on level 3 of the Elven Halls)

   [ring of protection from fire]

   rF+:       It protects you from fire.
   Will++:    It greatly increases your willpower.
 R - a +6 ring of dexterity
 V - the ring "Nublay" (on tentacle) {rPois rC+ rN+ Int+2 Dex+2}
   (You found it on level 10 of the Dungeon)

   [ring of protection from cold]

   Int+2:     It affects your intelligence (+2).
   Dex+2:     It affects your dexterity (+2).
   rC+:       It protects you from cold.
   rPois:     It protects you from poison rN+: It protects you from negative
   energy.
 Y - the ring of Siovoach (on tentacle) {rElec rC+ EV+5 Str+3}
   (You found it on level 4 of the Shoals)

   [ring of evasion]

   EV+5:      It affects your evasion (+5).
   Str+3:     It affects your strength (+3).
   rC+:       It protects you from cold.
   rElec:     It insulates you from electricity.
Talismans
 A - the death talisman "Xagiwnun" {Dex+2}
   (You found it on level 4 of the Shoals)

   [talisman of death]

   Dex+2:     It affects your dexterity (+2).
 Q - a storm talisman
 Z - a granite talisman (active)
Wands
 v - a wand of digging (10)
 P - a wand of roots (6)
Scrolls
 h - 13 scrolls of enchant weapon
 j - 5 scrolls of fog
 m - a scroll of vulnerability
 q - 5 scrolls of amnesia
 s - 12 scrolls of poison
 x - 5 scrolls of brand weapon
 y - 5 scrolls of blinking
 C - 12 scrolls of teleportation
 J - 7 scrolls of butterflies
 L - 10 scrolls of immolation
 M - 21 scrolls of identify
 N - 12 scrolls of enchant armour
 S - 10 scrolls of revelation
 T - a scroll of silence
 U - 9 scrolls of fear
Potions
 a - 14 potions of enlightenment
 c - 2 potions of ambrosia
 d - 13 potions of magic
 e - 9 potions of cancellation
 n - 4 potions of resistance
 p - 6 potions of attraction
 r - 4 potions of berserk rage
 u - 25 potions of curing
 w - 8 potions of heal wounds
 B - 4 potions of brilliance
 D - 8 potions of mutation
 F - 9 potions of might
 G - 11 potions of haste
 I - 6 potions of invisibility
 X - 6 potions of lignification


   Skills:
 + Level 21.3 Fighting
 - Level 0.2 Throwing
 + Level 18.0 Dodging
 + Level 22.6 Stealth
 - Level 6.0 Shields
 + Level 21.7 Unarmed Combat
 - Level 15.0 Spellcasting
 - Level 15.0 Translocations
 - Level 25.0 Shapeshifting


You had 48 spell levels left.
You knew the following spells:

 Your Spells              Type           Power      Damage    Failure   Level
a - Manifold Assault      Tloc           46%        N/A       1%          4
b - Lesser Beckoning      Tloc           92%        N/A       0%          2
c - Wereblood             Tmut           9%         N/A       6%          2

Your spell library contained the following spells:

 Spells                   Type           Power      Damage    Failure   Level
 Apportation              Tloc           92%        N/A       0%          1
 Gell's Gravitas          Tloc           46%        N/A       0%          3
 Teleport Other           Tloc           46%        N/A       0%          3
 Volatile Blastmotes      Fire/Tloc      56%        2d14      1%          3
 Dimensional Bullseye     Hex/Tloc       14%        N/A       1%          4
 Iskenderun's Mystic Bla  Conj/Tloc      28%        2d7       1%          4
 Dispersal                Tloc           23%        N/A       1%          6
 Kiss of Death            Conj/Necr      36%        2d8       3%          1
 Magic Dart               Conj           36%        1d4       3%          1
 Necrotise                Necr           36%        1d5       3%          1
 Sandblast                Erth           18%        2d7       3%          1
 Shock                    Conj/Air       36%        1d5       3%          1
 Slow                     Hex            36%        N/A       3%          1
 Sting                    Tmut/Pois      36%        1d4       3%          1
 Summon Small Mammal      Summ           36%        N/A       3%          1
 Call Imp                 Summ           18%        N/A       6%          2
 Cigotuvi's Dreadful Rot  Necr/Pois/Air  18%        N/A       6%          2
 Ensorcelled Hibernation  Hex/Ice        18%        N/A       6%          2
 Jinxbite                 Hex            18%        N/A       6%          2
 Passwall                 Tmut/Erth      7%         N/A       6%          2
 Poisonous Vapours        Pois/Air       18%        N/A       6%          2
 Call Canine Familiar     Summ           9%         N/A       13%         3
 Confusing Touch          Hex            9%         N/A       13%         3
 Hailstorm                Conj/Ice       9%         3d6       13%         3
 Ignite Poison            Fire/Tmut/Pois 9%         N/A       13%         3
 Mephitic Cloud           Conj/Pois/Air  9%         N/A       13%         3
 Ozocubu's Armour         Ice            9%         N/A       13%         3
 Sigil of Binding         Hex            9%         N/A       13%         3
 Stone Arrow              Conj/Erth      18%        3d8       13%         3
 Summon Guardian Golem    Hex/Summ       9%         N/A       13%         3
 Swiftness                Air            9%         N/A       13%         3
 Airstrike                Air            4%         2d(1-17)  43%         4
 Anguish                  Hex/Necr       4%         N/A       43%         4
 Brom's Barrelling Bould  Conj/Erth      9%         2d3       43%         4
 Cause Fear               Hex            4%         N/A       43%         4
 Dispel Undead            Necr           9%         3d8       43%         4
 Fulminant Prism          Conj/Hex       4%         3d5       43%         4
 Leda's Liquefaction      Hex/Erth       4%         N/A       43%         4
 Olgreb's Toxic Radiance  Pois           9%         N/A       43%         4
 Petrify                  Tmut/Erth      9%         N/A       43%         4
 Summon Ice Beast         Ice/Summ       9%         N/A       43%         4
 Summon Lightning Spire   Summ/Air       9%         N/A       43%         4
 Disjunction              Tloc           23%        N/A       56%         8
 Alistair's Intoxication  Tmut/Pois      6%         N/A       80%         5
 Borgnjor's Vile Clutch   Necr/Erth      4%         N/A       80%         5
 Freezing Cloud           Conj/Ice/Air   4%         6-21      80%         5
 Iskenderun's Battlesphe  Conj           9%         2d6       80%         5
 Lee's Rapid Deconstruct  Erth           4%         3d5*      80%         5
 Metabolic Englaciation   Hex/Ice        4%         N/A       80%         5
 Silence                  Hex/Air        4%         N/A       80%         5
 Summon Mana Viper        Hex/Summ       9%         N/A       80%         5
 Malign Gateway           Summ/Tloc      14%        N/A       90%         7
 Bombard                  Conj/Erth      4%         9d2       100%        6
 Conjure Ball Lightning   Conj/Air       4%         3x3d6     100%        6
 Death Channel            Necr           4%         N/A       100%        6
 Eringya's Noxious Bog    Tmut/Pois      4%         4d6       100%        6
 Starburst                Conj/Fire      4%         6d4       100%        6
 Enfeeble                 Hex            4%         N/A       100%        7
 Haunt                    Necr/Summ      4%         N/A       100%        7
 Monstrous Menagerie      Summ           4%         N/A       100%        7
 Orb of Destruction       Conj           4%         9d5       100%        7
 Spellforged Servitor     Conj/Summ      4%         N/A       100%        7
 Summon Hydra             Summ           4%         N/A       100%        7
 Discord                  Hex            4%         N/A       100%        8
 Infestation              Necr           4%         N/A       100%        8
 Lehudib's Crystal Spear  Conj/Erth      4%         10d3      100%        8
 Summon Horrible Things   Summ           4%         N/A       100%        8
 Sublimation of Blood     Necr           Unusable   N/A       N/A         2
 Animate Armour           Summ/Erth      Unusable   N/A       N/A         4
 Animate Dead             Necr           Unusable   N/A       N/A         4
 Simulacrum               Ice/Necr       Unusable   N/A       N/A         6

Dungeon Overview and Level Annotations

Branches:
Dungeon (15/15)            Temple (1/1) D:7            Lair (5/5) D:11
 Shoals (4/4) Lair:2        Snake (4/4) Lair:3        Slime (0/5) Lair:4
    Orc (2/2) D:9             Elf (3/3) Orc:2        Vaults (5/5) D:13
  Crypt (0/3) Vaults:3     Depths (4/4) D:15           Hell (visited)
    Zot (5/5) Depths:4      Sewer (visited)          Bailey (visited)
Volcano (visited)
    Dis: Hell:1         Geh: Hell:1         Coc: Hell:1         Tar: Hell:1

Altars:
Ashenzari
Cheibriados
Dithmenos
Elyvilon
Fedhas
Gozag
Hepliaklqana
Kikubaaqudgha
Makhleb
Nemelex Xobeh
Okawaru
Qazlal
Ru
Sif Muna
Trog
Uskayaw
Vehumet
Wu Jian
Xom
Yredelemnul
Zin
The Shining One
Jiyva
Lugonu

Shops:
D:3 =   D:9 *   Orc:2 ?[*:!   Shoals:2 :   Snake:1 (   Snake:4 [(
Vaults:4 [==*(!=*=!*[   Depths:2 [   Depths:3 [[=   Depths:4 ::=

Portals:
Hell: Depths:1 Depths:2 Depths:3 Depths:4
Abyss: Depths:1 Depths:2 Depths:3
Pandemonium: Orc:2 Depths:1 Depths:2 Depths:3
Ziggurat: Depths:3


Innate Abilities, Weirdness & Mutations

You are a living statue of rough stone.
Your actions are slow, but your melee attacks are powerful.
You are resistant to unholy torment.
Your maximum health is greatly increased.
You cannot wear most types of armour.
You are amphibious.
You can wear up to eight rings at the same time.
You are immune to poison.
Your skin changes colour to match your surroundings (Stealth+).
((Your rubbery body absorbs attacks. (AC +1, EV +1)))
((You are camouflaged when in or above water. (Stealth+)))
You have tentacles for arms and can constrict up to eight enemies at once.
You are partially covered in large bone plates. (SH +4)
You sometimes lose your temper in combat.
You are clumsy. (Dex -2)
You are strong-willed. (Will+)
Your spells are easier to cast, but less powerful.
Your health recovers twice as slowly from being drained.


Message History

Casting: Manifold Assault (safe; 1% risk of failure)
Confirm with . or Enter, or press ? or * to list all spells.
Space momentarily warps into an impossible shape!
The sun demon shouts!
You batter the sun demon!!
Casting: Manifold Assault (safe; 1% risk of failure)
Confirm with . or Enter, or press ? or * to list all spells.
Space momentarily warps into an impossible shape!
You thrash the sun demon!!!!
You kill the sun demon!
Press: ? - help, v - describe, . - travel, g - get item
Items here: a +3 demon whip of venom; a +3 plate armour of poison resistance; a +0 tower shield of reflection.
The floor, spattered with blood.
Press: ? - help, v - describe, . - travel, g - get item
Items here: a +3 demon whip of venom; a +3 plate armour of poison resistance; a +0 tower shield of reflection.
The floor, spattered with blood.
Press: ? - help, v - describe, . - travel, g - get item
Items here: a +3 demon whip of venom; a +3 plate armour of poison resistance; a +0 tower shield of reflection.
The floor, spattered with blood.
Press: ? - help, v - describe, . - travel, g - get item
Items here: a +3 demon whip of venom; a +3 plate armour of poison resistance; a +0 tower shield of reflection.
The floor, spattered with blood.
A smoke demon comes into view.
There is a gate leading out of Pandemonium here.
You pass through the gate.
Welcome back to the Depths!
There is a one-way gate leading to the halls of Pandemonium here.
There is an open door here.
You are a living statue of rough stone.
You are flying.
You are studying Hexes.
You have 6 tentacles available for constriction.
Your flying speed is very slow.
Your attack delay is about 0.9 (and is slowed by your shield).
Your damage rating with unarmed combat is about 89 (Base [12 + 21 (UC)] x 180% (Str) x 135% (Fight) + 9 (Slay)).
Your base attributes are Str 17, Int 15, Dex 19.
Unknown command.
Welcome back, rhdgurwns the Octopode Shapeshifter.
Gozag says: Greed is good.
Press ? for a list of commands and other information.
There is an open door here.
Are you sure you want to abandon this character and quit the game? (Confirm with "yes".)

..#..........###...###.########
..#............######...#
..#...)....)[...# #...#
..#.............######..####
..#...........#............#
..#........................#
###.........).###....###...#
#####§§≈≈≈....#.##'###.#...#
..............##8....'##...#
...#[..........#.#''#.#....#
.##............#.'..'.'....#
#.#............'.'..'.#....#
.#.............#.#''#.#....#
#....###......##'∩∩∩.'##...#
#....# #......#∩###'##.#...#
.....# #......###....###.#.#
.....# #.................#.#


There were no monsters in sight!

Vanquished Creatures
  A dread lich (Zot:5)
  5 ancient liches (Zot:5)
  9 orbs of fire
  The ghost of Ris Kia the Conqueror, a legendary MiFi of Okawaru (Zot:1)
  4 Killer Klowns
  Xtahua (Vaults:5)
  4 curse toes
  13 golden dragons
  Nikola (Shoals:2)
  Geryon (Hell)
  3 pandemonium lords (Pan)
  A Brimstone Fiend (Pan)
  4 electric golems
  19 Tzitzimimeh (Pan)
  The ghost of Zitsogiy the Pannier, an adept MeVM of Nemelex Xobeh (Shoals:3)
  27 tentacled monstrosities
  Jorgrun (D:12)
  The ghost of Olamiup the Slayer, an adept FoMo of Okawaru (Shoals:3)
  6 Hell Sentinels (Pan)
  Asterion (Snake:2)
  25 Orb Guardians (Zot:5)
  A hellephant (Hell)
  8 titans
  2 liches
  9 quicksilver dragons
  15 death cobs
  A deep elf master archer (Elf:3)
  Murray (Depths:4)
  6 sphinxes
  2 deep elf blademasters
  2 Executioners (Pan)
  Gastronok (D:11)
  Polyphemus (Shoals:2)
  2 ancient champions
  Kirke (Lair:4)
  The ghost of Dabriqe the Blocker, an adept GnFi of Gozag (Shoals:3)
  34 storm dragons
  Donald (Snake:1)
  13 draconian monks
  The ghost of Fayhism the Metamorph, an adept DrSh of Gozag (Shoals:3)
  4 tengu reavers
  5 nagarajas
  Ilsuiw (Shoals:2)
  10 shadow dragons
  15 frost giants
  2 draconian knights (Zot:3)
  12 deep elf sorcerers
  9 fire giants
  6 demonspawn warmongers (Pan)
  10 draconian scorchers
  19 vault wardens
  2 iron dragons (Hell)
  3 deep elf elementalists (Elf:3)
  6 balrugs
  7 draconian shifters
  3 ghost moths
  7 draconian annihilators
  2 orc warlords
  4 draconian stormcallers
  3 cacodemons (Pan)
  2 spriggan defenders (Depths:4)
  10 reapers
  2 demonspawn corrupters (Pan)
  12 stone giants
  3 war gargoyles
  21 ironbound preservers
  7 ironbound thunderhulks
  2 formless jellyfish
  15 very ugly things
  2 demonspawn black suns (Pan)
  2 vampire knights (Depths:2)
  A deep elf demonologist (Elf:3)
  18 green draconians
  16 black draconians
  Nessos (Lair:5)
  Azrael (D:13)
  3 dire elephants (Vaults:1)
  14 red draconians
  A spark wasp (Depths:2)
  24 purple draconians
  A lorocyproca (Pan)
  8 white draconians
  8 deep elf annihilators
  10 yellow draconians
  3 green deaths
  3 deep elf death magi
  7 ettins
  6 fire dragons
  14 blizzard demons
  4 merfolk javelineers
  Josephine (D:11)
  7 merfolk impalers (Shoals:4)
  2 entropy weavers
  Harold (Lair:2)
  2 deep elf high priests
  8 ice dragons
  A salamander tyrant (Snake:4)
  4 ogre magi
  14 yaktaur captains
  6 great orbs of eyes
  6 hydras
  31 vault guards
  4 rakshasas
  13 two-headed ogres
  2 spriggan air magi (Depths:4)
  4 catoblepae
  A peacekeeper (Vaults:4)
  A sphinx zombie (Vaults:1)
  8 ironbound frosthearts
  4 merfolk avatars
  8 deep troll earth magi
  8 centaur warriors
  15 anacondas
  7 deep troll shamans
  4 boulder beetles
  5 merfolk aquamancers
  4 alligator snapping turtles (Shoals:4)
  18 dancing weapons
  17 naga warriors
  A satyr (Shoals:4)
  A shock serpent (Snake:2)
  10 tengu warriors
  A vampire mage (Depths:2)
  17 demonic crawlers (Pan)
  11 hell hogs
  8 death yaks
  2 occultists
  11 hell knights
  6 orc high priests
  16 naga sharpshooters
  20 soul eaters
  Nergalle (D:10)
  2 spriggan berserkers
  13 deep elf knights
  58 sun demons
  2 skysharks (shapeshifter) (Vaults:5)
  A fire crab (shapeshifter) (Depths:1)
  7 iron trolls
  2 shadow wraiths
  A skeletal warrior (Hell)
  7 sixfirhies
  2 death drakes (Depths:4)
  8 sea snakes
  Amaemon (D:10)
  46 deep trolls
  A golden dragon zombie (Depths:2)
  An anaconda zombie (Hell)
  3 glowing orange brains
  A salamander mystic (Depths:3)
  A storm dragon skeleton (Depths:2)
  4 shadow demons
  4 skysharks
  A glowing orange brain (shapeshifter) (Vaults:5)
  Pikel (D:8)
  10 deep elf archers
  3 orange crystal statues
  2 steelbarb worms (shapeshifter) (Vaults:4)
  11 necromancers
  24 ironbound convokers
  36 deep elf pyromancers
  A tengu zombie (Vaults:4)
  8 naga ritualists
  An obsidian statue (Zot:5)
  5 harpies (Shoals:1)
  32 deep elf zephyrmancers
  3 arcanists
  11 lindwurms
  3 phantasmal warriors
  An alligator zombie (Hell)
  9 large abominations (Pan)
  10 mana vipers
  A sphinx simulacrum (Vaults:4)
  8 orc knights
  A mana viper (shapeshifter) (Vaults:5)
  6 cyclopes
  14 fauns
  16 manticores
  9 orc sorcerers
  A shadow dragon skeleton (Depths:2)
  A faun (shapeshifter) (Vaults:5)
  23 ugly things
  3 shining eyes (Depths:3)
  34 moths of wrath
  9 salamanders
  A human skeleton (Vaults:1)
  13 merfolk sirens
  4 elephants (Lair:5)
  28 black mambas
  10 rust devils
  20 slime creatures
  2 frost giant skeletons (Depths:2)
  2 kobold blastminers (Orc:2)
  20 vault sentinels
  5 water nymphs
  8 guardian serpents
  12 cane toads
  An elf zombie (Vaults:1)
  2 molten gargoyles (Volcano)
  10 naga magi
  A gargoyle (D:12)
  10 orange demons
  17 smoke demons
  An unseen horror (shapeshifter) (D:13)
  An unseen horror (D:11)
  3 hellions
  10 komodo dragons
  50 yaktaurs
  Jeremiah (D:8)
  Maggie (D:9)
  A freezing wraith (Vaults:5)
  3 tengu conjurers
  2 efreet (D:15)
  2 red devils
  A yaktaur skeleton (Vaults:1)
  2 hydra zombies (Hell)
  An ice devil (Orc:2)
  31 merfolk
  8 trolls
  A hydra skeleton (Hell)
  3 meliai (D:15)
  3 hellwings (Pan)
  3 hornets
  2 polar bears
  A glass eye (Depths:2)
  A hornet (shapeshifter) (Elf:3)
  16 blink frogs
  2 raiju (shapeshifter)
  8 wind drakes
  An ettin zombie (Vaults:1)
  17 snapping turtles
  A dream sheep (shapeshifter) (Vaults:4)
  15 dream sheep
  An air elemental (Elf:1)
  9 water elementals
  2 vampires
  27 ynoxinuls (Pan)
  A jumping spider (Vaults:3)
  3 shadows
  An ettin skeleton (Vaults:1)
  A spriggan (Depths:4)
  8 wraiths
  A wyvern (D:8)
  35 yaks
  8 fire elementals
  A golden eye (shapeshifter) (D:14)
  2 hogs (Lair:4)
  2 neqoxecs
  2 basilisks
  Grum (D:11)
  4 redbacks
  A fire bat (Volcano)
  3 vampire mosquitoes (D:10)
  49 chaos spawn (Pan)
  A glowing shapeshifter zombie (Vaults:4)
  5 wargs
  An acid dragon (shapeshifter) (Vaults:5)
  40 nagas
  2 acid dragons (D:10)
  17 water moccasins
  33 orc warriors
  3 black bears (Lair:5)
  2 ice beasts (D:8)
  2 boggarts (Vaults:1)
  17 wolves
  7 ogres
  6 centaurs
  A centaur (shapeshifter) (D:15)
  3 phantoms
  11 kobold brigands
  A lemure (D:8)
  2 necrophages (D:6)
  6 bullfrogs
  2 scorpions
  2 brain worms (Sewer)
  A water moccasin zombie (D:6)
  An ogre simulacrum (Vaults:4)
  A gnoll sergeant (D:13)
  9 wights (D:6)
  14 killer bees
  A howler monkey (D:9)
  A centaur zombie (D:6)
  5 lava snakes (Volcano)
  2 human simulacra
  A bullfrog zombie (D:6)
  5 hounds
  2 human zombies
  A jelly (D:4)
  A hound (shapeshifter) (Vaults:5)
  28 orc priests
  An iron imp (D:7)
  A gnoll bouda (D:7)
  23 orc wizards
  2 sleepcaps
  11 hell rats
  3 mummies (D:6)
  2 howler monkey zombies (D:6)
  20 gnolls
  8 adders
  6 river rats
  A shadow imp (D:6)
  A dart slug (D:1)
  89 orcs
  5 endoplasms
  7 giant cockroaches
  5 goblins
  8 hobgoblins
  4 jackals
  28 kobolds
  4 quokkas
  11 ball pythons
  7 bats
  6 frilled lizards
  8 rats
2374 creatures vanquished.

Vanquished Creatures (others)
  Vashnia (Snake:4)
  An eldritch tentacle (Zot:5)
  A vault guard (Vaults:5)
  An ogre mage (Vaults:3)
  A merfolk aquamancer (Shoals:4)
  4 deep elf knights
  A sun demon (Hell)
  A shadow demon (Hell)
  A deep elf archer (Elf:1)
  A merfolk (Shoals:2)
  A water elemental (Hell)
  A human (Lair:4)
  A boggart (Vaults:1)
  A hell rat (Hell)
  2 creeping infernos (Hell)
19 creatures vanquished.

Grand Total: 2393 creatures vanquished

Notes
Turn   | Place    | Note
-------+----------+-------------------------------------------
     0 | D:1      | rhdgurwns the Octopode Shapeshifter began the quest for the
                  | Orb.
     0 | D:1      | Reached XP level 1. HP: 13/13 MP: 1/1
    37 | D:1      | Reached skill level 1 in Stealth
    37 | D:1      | Reached XP level 2. HP: 6/18 MP: 2/2
   388 | D:1      | Reached XP level 3. HP: 23/23 MP: 3/3
  1341 | D:2      | Found a faded altar of an unknown god.
  1771 | D:2      | Reached XP level 4. HP: 25/29 MP: 4/4
  1817 | D:3      | Noticed a phantom
  1866 | D:3      | Killed a phantom
  1867 | D:3      | Reached XP level 5. HP: 35/35 MP: 5/5
  1907 | D:3      | Found a shimmering blue altar of Sif Muna.
  2172 | D:3      | Found a glowing silver altar of Zin.
  2203 | D:3      | Found an opulent altar of Gozag.
  2448 | D:3      | Found Jiomn's Jewellery Boutique.
  2494 | D:3      | Became a worshipper of Gozag Ym Sagoz the Greedy
  2574 | D:4      | Reached skill level 4 in Shapeshifting
  2574 | D:4      | Reached XP level 6. HP: 42/42 MP: 6/6
  3349 | D:5      | Entered Level 5 of the Dungeon
  3403 | D:5      | Reached XP level 7. HP: 41/46 MP: 7/7
  3651 | D:5      | Reached skill level 5 in Stealth
  4007 | D:5      | Reached skill level 5 in Unarmed Combat
  4284 | D:6      | Reached skill level 5 in Shapeshifting
  4284 | D:6      | Reached XP level 8. HP: 43/54 MP: 8/8
  4359 | D:6      | Found a glowing drain.
  4370 | Sewer    | Entered a sewer
  4610 | Sewer    | Reached skill level 5 in Fighting
  5267 | D:6      | Reached XP level 9. HP: 61/61 MP: 9/9
  5294 | D:6      | Reached skill level 6 in Shapeshifting
  5351 | D:6      | Found a basalt altar of Yredelemnul.
  5465 | D:6      | Noticed a boulder beetle
  5474 | D:6      | Killed a boulder beetle
  5475 | D:6      | Found a hide-covered altar of Uskayaw.
  5476 | D:6      | Found an iron altar of Okawaru.
  5476 | D:6      | Found an ornate altar of the Wu Jian Council.
  5717 | D:7      | Identified a scroll of acquirement
  5728 | D:7      | Found a flagged portal.
  5762 | Bailey   | Entered a bailey
  5839 | Bailey   | Reached skill level 7 in Shapeshifting
  5927 | Bailey   | Acquired 301 gold pieces
  5932 | Bailey   | Noticed an orc knight
  5933 | Bailey   | Found a burning altar of Makhleb.
  5940 | Bailey   | Reached XP level 10. HP: 65/69 MP: 10/10
  6143 | D:3      | Bought a +6 ring of dexterity for 432 gold pieces
  6143 | D:3      | Bought a +4 ring of slaying for 936 gold pieces
  6246 | D:7      | Found a snail-covered altar of Cheibriados.
  6392 | D:7      | Reached skill level 10 in Stealth
  6428 | D:7      | Found a staircase to the Ecumenical Temple.
  6923 | Temple   | Entered the Ecumenical Temple
  7018 | D:8      | Noticed Jeremiah
  7164 | D:8      | Killed Jeremiah
  7206 | D:8      | Found a shimmering altar of Xom.
  7446 | D:8      | Noticed Pikel
  7627 | D:8      | Found a burning altar of Makhleb.
  7938 | D:9      | Noticed Maggie
  7949 | D:9      | Killed Maggie
  8137 | D:9      | Found a radiant altar of Vehumet.
  8282 | D:9      | Found a sacrificial altar of Ru.
  8286 | D:9      | Found an ancient bone altar of Kikubaaqudgha.
  8289 | D:9      | Found a sparkling altar of Nemelex Xobeh.
  8422 | D:9      | Reached skill level 8 in Shapeshifting
  8538 | D:9      | Found Niafounn's Assorted Antiques.
  8574 | D:9      | Found a staircase to the Orcish Mines.
  8989 | D:3      | Bought a +6 ring of dexterity for 432 gold pieces
  8989 | D:3      | Bought a +6 ring of dexterity for 432 gold pieces
  9230 | D:8      | Killed Pikel
  9231 | D:8      | Reached XP level 11. HP: 34/78 MP: 11/11
  9285 | D:10     | Entered Level 10 of the Dungeon
  9285 | D:10     | Noticed Amaemon
  9290 | D:10     | Killed Amaemon
  9342 | D:10     | Noticed a two-headed ogre
  9352 | D:10     | Killed a two-headed ogre
  9353 | D:10     | Reached skill level 5 in Dodging
  9575 | D:10     | Noticed a two-headed ogre
  9582 | D:10     | Killed a two-headed ogre
  9766 | D:10     | Noticed a white ugly thing
  9779 | D:10     | Killed a brown ugly thing
 10151 | D:10     | Found a portal to a secret trove of treasure.
 10484 | D:10     | Noticed Nergalle
 10494 | D:10     | Killed Nergalle
 10624 | D:10     | Reached skill level 9 in Shapeshifting
 10756 | D:10     | Noticed a fire dragon
 10756 | D:10     | Noticed a cyclops
 10896 | D:11     | Noticed a centaur warrior
 10907 | D:11     | Killed a centaur warrior
 10975 | D:11     | Noticed a brown ugly thing
 10983 | D:11     | Killed a red ugly thing
 11073 | D:11     | Reached skill level 10 in Unarmed Combat
 11106 | D:11     | Noticed a deep elf pyromancer
 11137 | D:11     | Reached XP level 12. HP: 86/86 MP: 12/12
 11174 | D:11     | Noticed Grum
 11193 | D:11     | Killed Grum
 11290 | D:11     | Noticed Gastronok
 11331 | D:11     | Killed Gastronok
 11337 | D:11     | Found a staircase to the Lair.
 11435 | D:11     | Noticed Josephine
 11541 | D:11     | Reached skill level 10 in Fighting
 11570 | D:11     | Noticed a two-headed ogre
 11582 | D:11     | Killed a two-headed ogre
 11653 | D:11     | Killed Josephine
 11770 | D:11     | Found an iron altar of Okawaru.
 12169 | D:12     | Found a shimmering altar of Xom.
 12171 | D:12     | Found a shimmering altar of Xom.
 12173 | D:12     | Found a shimmering altar of Xom.
 12173 | D:12     | Found a shimmering altar of Xom.
 12174 | D:12     | Found a shimmering altar of Xom.
 12174 | D:12     | Found a shimmering altar of Xom.
 12224 | D:12     | Found a shimmering altar of Xom.
 12225 | D:12     | Found a shimmering altar of Xom.
 12225 | D:12     | Found a shimmering altar of Xom.
 12226 | D:12     | Found a shimmering altar of Xom.
 12274 | D:12     | Reached skill level 10 in Shapeshifting
 12435 | D:12     | Noticed a two-headed ogre
 12490 | D:13     | Noticed a vault guard
 12492 | D:13     | Noticed a tengu warrior
 12504 | D:13     | HP: 2/88 [something (31)]
 12529 | D:13     | Noticed a centaur warrior
 12679 | D:12     | Noticed Jorgrun
 12689 | D:12     | Killed Jorgrun
 12833 | D:12     | Reached XP level 13. HP: 68/94 MP: 13/13
 12943 | D:12     | Got the Anthology of Bewitchment
 13496 | D:12     | Found a shimmering altar of Xom.
 13497 | D:12     | Found a shimmering altar of Xom.
 13499 | D:12     | Found a shimmering altar of Xom.
 13499 | D:12     | Found a shimmering altar of Xom.
 13500 | D:12     | Found a shimmering altar of Xom.
 13500 | D:12     | Found a shimmering altar of Xom.
 13500 | D:12     | Found a shimmering altar of Xom.
 13502 | D:12     | Found a shimmering altar of Xom.
 13506 | D:12     | Found a shimmering altar of Xom.
 13506 | D:12     | Found a shimmering altar of Xom.
 14108 | Orc:1    | Entered Level 1 of the Orcish Mines
 14172 | Orc:2    | Entered Level 2 of the Orcish Mines
 14300 | Orc:2    | Found Kialih's Distillery.
 14613 | Orc:2    | Reached skill level 11 in Shapeshifting
 14714 | Orc:2    | Found a staircase to the Elven Halls.
 14727 | Orc:2    | Found Apurphav's Magic Scroll Shoppe.
 15137 | Orc:1    | Noticed an orc warlord
 15439 | Orc:2    | Reached skill level 10 in Dodging
 15782 | Orc:2    | Bought a scroll of fog for 44 gold pieces
 15782 | Orc:2    | Bought a scroll of teleportation for 33 gold pieces
 15782 | Orc:2    | Bought a scroll of fear for 44 gold pieces
 15782 | Orc:2    | Bought a scroll of identify for 22 gold pieces
 15824 | Orc:2    | Gained mutation: Your magical capacity is low. (-10% MP) [a
                  | neqoxec]
 16086 | Orc:2    | Found Laurit Ecooph's General Store.
 16152 | Orc:2    | Bought a potion of berserk rage for 70 gold pieces
 16152 | Orc:2    | Bought a potion of haste for 140 gold pieces
 16190 | Orc:2    | Reached skill level 12 in Shapeshifting
 16460 | Lair:1   | Entered Level 1 of the Lair of Beasts
 16589 | D:9      | Bought a granite talisman for 1260 gold pieces
 16589 | D:9      | Bought a scroll of teleportation for 63 gold pieces
 16589 | D:9      | Bought a scroll of blinking for 157 gold pieces
 17501 | Lair:2   | Noticed Harold
 17510 | Lair:2   | Killed Harold
 17578 | Lair:2   | Reached XP level 14. HP: 89/99 MP: 12/12
 17690 | Lair:2   | Reached skill level 13 in Shapeshifting
 17956 | Lair:2   | Found a staircase to the Shoals.
 17973 | Lair:2   | Reached skill level 14 in Shapeshifting
 18353 | Lair:3   | Identified the +9 falchion "Hojaesh" {flame, Int+2}
 18360 | Lair:3   | Found a staircase to the Snake Pit.
 18491 | Lair:3   | Found a dark tunnel.
 18498 | Volcano  | Entered a volcano
 18735 | Volcano  | Found a radiant altar of Vehumet.
 18771 | Volcano  | Noticed a red draconian
 18779 | Volcano  | Killed a red draconian
 18913 | Volcano  | Reached skill level 15 in Shapeshifting
 19031 | Lair:3   | Acquired 1024 gold pieces
 19600 | Lair:4   | Noticed Kirke
 19614 | Lair:4   | Killed Kirke
 19947 | Lair:4   | Found a staircase to the Slime Pits.
 19947 | Lair:4   | Found a viscous altar of Jiyva.
 20209 | Lair:5   | Entered Level 5 of the Lair of Beasts
 20299 | Lair:5   | Reached skill level 16 in Shapeshifting
 20392 | Lair:5   | Reached XP level 15. HP: 106/106 MP: 13/13
 21016 | Lair:5   | Noticed Nessos
 21081 | Lair:5   | Killed Nessos
 21776 | Orc:2    | Found Yvvoahei's Book Boutique.
 21776 | Orc:2    | Found Zuali's Antique Armour Shop.
 21790 | Orc:2    | Found a one-way gate leading to the halls of Pandemonium.
 22025 | Orc:2    | Found a staircase to the Elven Halls.
 22056 | Orc:2    | Found Laurit Ecooph's General Store.
 22059 | Orc:2    | Found Kialih's Distillery.
 22393 | Orc:2    | Found Apurphav's Magic Scroll Shoppe.
 22496 | Orc:2    | Found Zuali's Antique Armour Shop.
 22496 | Orc:2    | Found Yvvoahei's Book Boutique.
 22497 | Orc:2    | Found a one-way gate leading to the halls of Pandemonium.
 22675 | Orc:1    | Killed an orc warlord
 22941 | Elf:1    | Entered Level 1 of the Elven Halls
 23380 | Elf:1    | Noticed a deep elf sorcerer
 23389 | Elf:1    | Killed a deep elf sorcerer
 23426 | Elf:1    | Reached XP level 16. HP: 110/115 MP: 14/14
 23773 | Elf:1    | Got Afeumai's Spellbook of Supportive Bruises
 24183 | Elf:1    | Upgraded the game from 0.31-a0-1161-g593ecc8 to
                  | 0.31-a0-1166-gae6a2ec
 24490 | Elf:2    | Found a runed translucent gate.
 24490 | Elf:2    | Found a runed translucent gate.
 24490 | Elf:2    | Found a runed translucent gate.
 24549 | Elf:2    | Found a shimmering blue altar of Sif Muna.
 24666 | Elf:2    | Noticed a deep elf blademaster
 24686 | Elf:2    | Killed a deep elf blademaster
 25094 | Elf:3    | Entered Level 3 of the Elven Halls
 25530 | Elf:3    | Reached skill level 15 in Stealth
 25765 | Elf:3    | Noticed a deep elf blademaster
 25766 | Elf:3    | Noticed a deep elf master archer
 25769 | Elf:3    | Reached XP level 17. HP: 123/123 MP: 15/15
 25774 | Elf:3    | Killed a deep elf blademaster
 25779 | Elf:3    | Killed a ghostly deep elf blademaster
 25987 | Elf:3    | Identified the ring of Xyepedeso {rF+ Will++}
 26123 | Elf:3    | Killed a deep elf master archer
 26268 | Elf:3    | Identified the +3 leather armour of Lies {Rampage rC+}
 26530 | Elf:3    | Got the Guide on the Transformed Rocks
 26612 | Elf:3    | Got the Thoughts on Reconstruction and the Jinx
 26640 | Elf:3    | Identified the +3 long sword of Ravage {freeze, rN++ Will+}
 27028 | Snake:1  | Entered Level 1 of the Snake Pit
 27117 | Snake:1  | Found Yhuwk's Antique Weapon Emporium.
 27152 | Snake:1  | Noticed Donald
 27320 | Snake:1  | Killed Donald
 28415 | Snake:2  | Reached skill level 1 in Shields
 28918 | Snake:2  | Acquired the +0 hat "Ugatuot" {rF+ Dex+3}
 28946 | Snake:2  | Reached XP level 18. HP: 132/132 MP: 16/16
 29000 | Snake:2  | Identified the +0 kite shield of the Nine Teeth {rCorr
                  | Str+2}
 29000 | Snake:2  | Noticed Asterion
 29017 | Snake:2  | Killed Asterion
 29018 | Snake:2  | Reached skill level 5 in Shields
 29551 | Snake:3  | Reached skill level 15 in Unarmed Combat
 29589 | Snake:3  | Found a shimmering altar of Xom.
 29780 | Snake:3  | Acquired a manual of Hexes
 29980 | Snake:4  | Entered Level 4 of the Snake Pit
 30280 | Snake:4  | Found Lonocez's Weapon Emporium.
 30280 | Snake:4  | Found Meakk's Antique Armour Shoppe.
 30302 | Snake:4  | Identified the +5 falchion "Keseiri" {heavy, rC+ Str+2}
 30314 | Snake:4  | Noticed Vashnia
 30353 | Snake:4  | Killed Vashnia
 30375 | Snake:4  | Reached skill level 15 in Fighting
 30909 | Snake:4  | Noticed a quicksilver dragon
 30935 | Snake:4  | Killed a quicksilver dragon
 31271 | Snake:4  | Got a serpentine rune of Zot
 31621 | Snake:4  | Found Lonocez's Weapon Emporium.
 31621 | Snake:4  | Found Meakk's Antique Armour Shoppe.
 32408 | Shoals:1 | Entered Level 1 of the Shoals
 32504 | Shoals:1 | Reached skill level 15 in Dodging
 32572 | Shoals:1 | Reached XP level 19. HP: 139/139 MP: 17/17
 33253 | Shoals:2 | Noticed Ilsuiw
 33324 | Shoals:2 | Killed Ilsuiw
 33335 | Shoals:2 | Found Ytobroib's Book Boutique.
 33364 | Shoals:2 | Bought a book of the Warp for 840 gold pieces
 33369 | Shoals:2 | Learned a level 4 spell: Manifold Assault
 33501 | Shoals:2 | Reached skill level 1 in Translocations
 33570 | Shoals:2 | Noticed Nikola
 33578 | Shoals:2 | Killed Nikola
 33668 | Shoals:2 | Noticed Polyphemus
 33682 | Shoals:2 | Killed Polyphemus
 33691 | Shoals:2 | Reached skill level 5 in Translocations
 33956 | Shoals:2 | Acquired 1158 gold pieces
 34374 | Shoals:3 | Found a runed translucent gate.
 34375 | Shoals:3 | Found a runed translucent gate.
 34377 | Shoals:3 | Found a runed translucent gate.
 34469 | Shoals:3 | Noticed Fayhism's ghost (adept DrSh)
 34469 | Shoals:3 | Noticed Zitsogiy's ghost (adept MeVM)
 34469 | Shoals:3 | Noticed Olamiup's ghost (adept FoMo)
 34470 | Shoals:3 | Noticed Dabriqe's ghost (adept GnFi)
 34872 | Shoals:3 | Killed Zitsogiy's ghost
 34885 | Shoals:3 | Killed Olamiup's ghost
 34890 | Shoals:3 | Killed Fayhism's ghost
 34905 | Shoals:3 | HP: 6/180 [Dabriqe's ghost/the air (11)]
 34910 | Shoals:3 | Killed Dabriqe's ghost
 35002 | Shoals:3 | Identified the +8 orcbow of Munt {flame, rC+ Will+ Int+3
                  | SInv}
 35009 | Shoals:3 | Got the Tome of Sparks and the Scorpion
 35029 | Shoals:4 | Entered Level 4 of the Shoals
 35643 | Shoals:4 | Identified the death talisman "Xagiwnun" {Dex+2}
 35868 | Shoals:4 | Got a barnacled rune of Zot
 35924 | Shoals:4 | Reached skill level 10 in Translocations
 36217 | Shoals:4 | Identified the ring of Siovoach {rElec rC+ EV+5 Str+3}
 36697 | D:13     | Found a white marble altar of Elyvilon.
 36723 | D:13     | Reached XP level 20. HP: 146/146 MP: 18/18
 36790 | D:13     | Noticed Azrael
 36794 | D:13     | Killed Azrael
 36899 | D:13     | Found a gate to the Vaults.
 37991 | D:15     | Entered Level 15 of the Dungeon
 38672 | D:15     | Found a blossoming altar of Fedhas.
 38816 | D:15     | Found a staircase to the Depths.
 39708 | D:10     | Identified the +11 sling of the Slimy God {antimagic, rElec
                  | Str+4 Dex+3}
 39785 | D:10     | Identified the ring "Nublay" {rPois rC+ rN+ Int+2 Dex+2}
 39935 | D:10     | Identified the staff of Gallantry {Fly rC+ rCorr Str+2 Ice}
 40145 | Vaults:1 | Entered Level 1 of the Vaults
 41795 | Vaults:1 | Reached skill level 15 in Translocations
 42025 | Vaults:2 | Reached skill level 1 in Spellcasting
 42860 | Vaults:2 | Reached skill level 5 in Spellcasting
 42860 | Vaults:2 | Reached XP level 21. HP: 152/152 MP: 25/25
 43065 | Vaults:2 | Found a gateway to a bazaar.
 43147 | Bazaar   | Entered a bazaar
 43147 | Bazaar   | Found Xaeziboe's Magic Scroll Emporium.
 43147 | Bazaar   | Found Pegaetwonn's Jewellery Emporium.
 43162 | Bazaar   | Bought a scroll of fear for 64 gold pieces
 43162 | Bazaar   | Bought a scroll of revelation for 120 gold pieces
 43162 | Bazaar   | Bought a scroll of enchant armour for 120 gold pieces
 43162 | Bazaar   | Bought a scroll of teleportation for 48 gold pieces
 43165 | Bazaar   | Found Tani's Antique Weapon Boutique.
 43181 | Bazaar   | Found Isitum's Antique Armour Boutique.
 43192 | Bazaar   | Found Xocergheyff's General Store.
 43869 | Vaults:2 | Upgraded the game from 0.31-a0-1166-gae6a2ec to
                  | 0.31-a0-1167-gf582fa6
 45492 | Vaults:3 | Found a staircase to the Crypt.
 45492 | Vaults:3 | Found a basalt altar of Yredelemnul.
 45493 | Vaults:3 | Found an ancient bone altar of Kikubaaqudgha.
 45667 | Vaults:4 | Reached skill level 10 in Spellcasting
 46575 | Vaults:4 | Found Rataha's Armour Shoppe.
 47754 | Vaults:4 | Reached XP level 22. HP: 158/158 MP: 3/34
 48201 | Depths:1 | Entered Level 1 of the Depths
 48844 | Depths:1 | Found a one-way gate to the infinite horrors of the Abyss.
 49531 | Depths:1 | Found a gateway to Hell.
 49854 | Depths:2 | Found a sacrificial altar of Ru.
 49879 | Depths:2 | Acquired 400 gold pieces
 50007 | Depths:2 | Found a corrupted altar of Lugonu.
 50288 | Depths:2 | Found a runed translucent door.
 50456 | Depths:2 | Found Bunila's Armour Shop.
 50670 | Depths:2 | Found Ovveeme's Jewellery Emporium.
 50926 | Depths:2 | Found a runed translucent door.
 50980 | Depths:2 | Noticed a golden dragon
 50981 | Depths:2 | Noticed a golden dragon
 50989 | Depths:2 | Killed a golden dragon
 51005 | Depths:2 | Killed a golden dragon
 51006 | Depths:2 | Reached skill level 15 in Spellcasting
 51624 | Hell     | Entered the Vestibule of Hell
 51624 | Hell     | Noticed Geryon
 51903 | Depths:3 | Found a one-way gateway to a ziggurat.
 52262 | Depths:3 | Reached skill level 17 in Shapeshifting
 52769 | Depths:3 | Reached XP level 23. HP: 164/164 MP: 14/37
 52778 | Depths:3 | Noticed a golden dragon
 52788 | Depths:3 | Killed a golden dragon
 53162 | Depths:3 | Noticed a golden dragon
 53176 | Depths:3 | Killed a golden dragon
 53266 | Depths:3 | Identified the +7 triple sword of Dim Light {venom, Str+3}
 53790 | Depths:4 | Entered Level 4 of the Depths
 54122 | Depths:4 | Found a glowing golden altar of the Shining One.
 54909 | Depths:4 | Identified the ring of Zemis {rPois rCorr Str-4 SInv
                  | Stlth+}
 55009 | Depths:4 | Found Telan's Jewellery Shop.
 55009 | Depths:4 | Found Fyel's Book Shoppe.
 55010 | Depths:4 | Found Hamawor's Book Shoppe.
 55025 | Depths:4 | Bought a book of Displacement for 330 gold pieces
 55028 | Depths:4 | Learned a level 2 spell: Lesser Beckoning
 55039 | Depths:4 | Bought a book of Blood for 308 gold pieces
 55389 | Depths:4 | Noticed a golden dragon
 55394 | Depths:4 | Killed a golden dragon
 55406 | Depths:4 | Noticed a golden dragon
 55417 | Depths:4 | Killed a golden dragon
 55568 | Depths:4 | Found a gate to the Realm of Zot.
 55586 | Depths:4 | Noticed a golden dragon
 55589 | Depths:4 | Killed a golden dragon
 56296 | Hell     | Noticed Murray
 56322 | Depths:4 | Killed Murray
 56328 | Depths:4 | Reached XP level 24. HP: 173/173 MP: 9/37
 56888 | Vaults:4 | Bought 2 potions of haste for 260 gold pieces
 56888 | Vaults:4 | Bought 2 potions of might for 104 gold pieces
 56888 | Vaults:4 | Bought a potion of resistance for 130 gold pieces
 56898 | Vaults:4 | Bought the ring of Prescription {rElec Will+ Str+6 Dex+3}
                  | for 742 gold pieces
 56923 | Vaults:4 | Bought the ring "Kidiugh" {Fly Dex+2 Stlth+} for 378 gold
                  | pieces
 56968 | Vaults:4 | Bought the macabre finger necklace {Finger+ rN+} for 680
                  | gold pieces
 56968 | Vaults:4 | Found the macabre finger necklace {Finger+ rN+}
 57761 | Vaults:5 | Entered Level 5 of the Vaults
 58155 | Vaults:4 | Reached skill level 18 in Shapeshifting
 58573 | Vaults:5 | Noticed Xtahua
 58580 | Vaults:5 | Killed Xtahua
 58857 | Vaults:5 | Got a silver rune of Zot
 58972 | Vaults:5 | Reached skill level 19 in Shapeshifting
 59250 | Vaults:5 | Identified the ring "Nionem" {rF+++ rC- Will- Int+6 Dex+4}
 59639 | Vaults:5 | Identified the +3 shortbow "Qoylerpha" {elec, rC++ Dex-4}
 59714 | Vaults:5 | Reached XP level 25. HP: 179/179 MP: 37/37
 59862 | Vaults:5 | Got the Tractate on the Switch
 61268 | Hell     | Killed Geryon
 61661 | D:10     | You paid a toll of the horn of Geryon to enter a treasure
                  | trove
 61662 | Trove    | Entered a treasure trove
 61678 | Trove    | Identified the ring "Qacaud" {Fly rC+ Str+2}
 61684 | Trove    | Identified the ring "Lukos" {rPois rF+ Will+ Str+6 Int-5
                  | Dex+3}
 61686 | Trove    | Identified the ring "Jupsyh" {AC+4 Dex+5}
 61692 | Trove    | Identified the ring "Fyewuamy" {rF- AC+4 Int+2 Dex+2}
 61697 | Trove    | Identified the ring of Day {Drain Str+6 Int+8 Slay+5
                  | Stlth-}
 61711 | Trove    | Identified the amulet of Ephemeral Luck {Acrobat rF+ Will-
                  | Dex+4}
 62146 | Zot:1    | Entered Level 1 of the Realm of Zot
 62414 | Zot:1    | Found a runed translucent gate.
 62414 | Zot:1    | Found a runed translucent gate.
 62414 | Zot:1    | Found a runed translucent gate.
 62418 | Zot:1    | Noticed Ris Kia's ghost (legendary MiFi)
 62847 | Zot:1    | Reached skill level 20 in Shapeshifting
 63145 | Zot:1    | Killed Ris Kia's ghost
 64085 | Zot:3    | Reached XP level 26. HP: 191/191 MP: 37/37
 64301 | Zot:3    | Noticed an orb of fire
 64313 | Zot:3    | Gained mutation: You sometimes lose your temper in combat.
                  | [an orb of fire]
 64316 | Zot:3    | Killed an orb of fire
 64436 | Zot:3    | Reached skill level 21 in Shapeshifting
 64639 | Zot:3    | Identified the ring of Zoeph {rPois rN+ Str+2}
 65435 | Zot:3    | Got the Lectures on Unholy Deeds
 66019 | Zot:4    | Noticed a Killer Klown
 66025 | Zot:4    | Killed a Killer Klown
 66026 | Zot:4    | Reached skill level 22 in Shapeshifting
 66851 | Zot:5    | Entered Level 5 of the Realm of Zot
 67493 | Zot:5    | Noticed an ancient lich
 67493 | Zot:5    | Noticed an ancient lich
 67493 | Zot:5    | Noticed an ancient lich
 67493 | Zot:5    | Noticed a Killer Klown
 67494 | Zot:5    | Noticed an orb of fire
 67519 | Zot:5    | Killed an ancient lich
 67522 | Zot:5    | Gained mutation: You are vulnerable to heat. (rF-) [an orb
                  | of fire]
 67523 | Zot:5    | Killed an orb of fire
 67524 | Zot:5    | Reached skill level 23 in Shapeshifting
 67524 | Zot:5    | Reached XP level 27. HP: 201/201 MP: 32/37
 67533 | Zot:5    | Killed an ancient lich
 67573 | Zot:5    | Paralysed by a Zot trap for 3 turns
 67587 | Zot:5    | Noticed a dread lich
 67590 | Zot:5    | Noticed an orb of fire
 67591 | Zot:5    | Killed a dread lich
 67593 | Zot:5    | Gained mutation: You are frail. (-10% HP) [an orb of fire]
 67593 | Zot:5    | Gained mutation: Potions are less effective at restoring
                  | your health. [an orb of fire]
 67600 | Zot:5    | Gained mutation: You occasionally shout uncontrollably at
                  | your foes. [an orb of fire]
 67602 | Zot:5    | Killed an orb of fire
 67794 | Zot:5    | Noticed an orb of fire
 67807 | Zot:5    | Killed an orb of fire
 67811 | Zot:5    | Killed an ancient lich
 67965 | Zot:5    | Noticed an orb of fire
 67966 | Zot:5    | Reached skill level 24 in Shapeshifting
 67968 | Zot:5    | Noticed an orb of fire
 67968 | Zot:5    | Noticed an orb of fire
 67969 | Zot:5    | Noticed an orb of fire
 67970 | Zot:5    | Noticed an orb of fire
 67975 | Zot:5    | Gained mutation: Your spells are a little easier to cast,
                  | but a little less powerful. [an orb of fire]
 67976 | Zot:5    | Killed an orb of fire
 67977 | Zot:5    | Gained mutation: Your body sometimes deteriorates upon
                  | taking damage. [an orb of fire]
 67978 | Zot:5    | Gained mutation: You are weak. (Str -2) [an orb of fire]
 67978 | Zot:5    | Noticed an ancient lich
 67980 | Zot:5    | Noticed an ancient lich
 68130 | Zot:5    | Lost mutation: Potions are less effective at restoring your
                  | health. [potion of mutation]
 68130 | Zot:5    | Lost mutation: Your magical capacity is low. (-10% MP)
                  | [potion of mutation]
 68130 | Zot:5    | Lost mutation: You occasionally shout uncontrollably at
                  | your foes. [potion of mutation]
 68130 | Zot:5    | Gained mutation: You are partially covered in large bone
                  | plates. (SH +4) [potion of mutation]
 68130 | Zot:5    | Gained mutation: Your spells are easier to cast, but less
                  | powerful. [potion of mutation]
 68131 | Zot:5    | Lost mutation: You sometimes lose your temper in combat.
                  | [potion of mutation]
 68131 | Zot:5    | Lost mutation: You are frail. (-10% HP) [potion of
                  | mutation]
 68131 | Zot:5    | Lost mutation: You are vulnerable to heat. (rF-) [potion of
                  | mutation]
 68131 | Zot:5    | Lost mutation: Your body sometimes deteriorates upon taking
                  | damage. [potion of mutation]
 68131 | Zot:5    | Lost mutation: You are weak. (Str -2) [potion of mutation]
 68131 | Zot:5    | Gained mutation: You are strong-willed. (Will+) [potion of
                  | mutation]
 68131 | Zot:5    | Lost mutation: Your spells are easier to cast, but less
                  | powerful. [potion of mutation]
 68342 | Zot:5    | Gained mutation: You sometimes lose your temper in combat.
                  | [an orb of fire]
 68347 | Zot:5    | Killed an orb of fire
 68348 | Zot:5    | Gained mutation: You are clumsy. (Dex -2) [an orb of fire]
 68351 | Zot:5    | Killed an orb of fire
 68357 | Zot:5    | Killed an orb of fire
 68504 | Zot:5    | Killed an ancient lich
 68674 | Zot:5    | Killed an orb of fire
 68684 | Zot:5    | Reached skill level 25 in Shapeshifting
 69106 | Zot:5    | Killed an ancient lich
 69386 | Zot:4    | Learned a level 2 spell: Wereblood
 69610 | Pan      | Entered Pandemonium
 69735 | Pan      | Noticed Nayhaqun the pandemonium lord
 69740 | Pan      | Killed Nayhaqun the pandemonium lord
 69838 | Pan      | Gained mutation: Your health recovers twice as slowly from
                  | being drained. [a cacodemon]
 69875 | Pan      | Gained mutation: Your spells are easier to cast, but less
                  | powerful. [a cacodemon]
 70733 | Pan      | Found an exit through the horrors of the Abyss.
 71321 | Pan      | Got the Monograph on Stormy Maleficia
 71352 | Pan      | Upgraded the game from 0.31-a0-1167-gf582fa6 to
                  | 0.31-a0-1168-gf5c68a8
 71368 | Depths:3 | Escaped Pandemonium
 71376 | Depths:3 | Bought a storm talisman for 2000 gold pieces
 71620 | Pan      | Entered Pandemonium
 71620 | Pan      | Noticed Ecoittye the pandemonium lord
 71628 | Pan      | Killed Ecoittye the pandemonium lord
 74728 | Pan      | Noticed Wosuefoe the pandemonium lord
 74736 | Pan      | Killed Wosuefoe the pandemonium lord
 76598 | Depths:3 | Escaped Pandemonium
 76600 | Depths:3 | Upgraded the game from 0.31-a0-1168-gf5c68a8 to
                  | 0.31-a0-1229-gf58a9bc
 76605 | Depths:3 | Quit the game

Illustrated notes

Levels and vault maps discovered:
D:1:      denvon_arrival_planthouse, layout_basic, nrook_loot_triangle
D:2:      layout_basic, shapermc_ecumenical_altar_starsandcircs, serial_bayou,
          serial_bayou_lake_a, serial_bayou_pond_a, serial_bayou_pond_c,
          serial_bayou_shore_a, kennysheep_generic_room_8
D:3:      layout_loops_ring, pdpol_temple_overflow_zin_treasury_gozag_greed,
          lemuel_tele_altar, serial_shops, nicolae_shop_trees
D:4:      layout_loops_corners
D:5:      layout_cave_pools, serial_rivers, chequers_serial_rivers_micro_a,
          chequers_serial_rivers_marsh, chequers_serial_rivers_small_b,
          chequers_serial_rivers_large_b, chequers_serial_rivers_small_3
D:6:      layout_basic, lemuel_mausoleum_altar_yredelemnul,
          chequers_temple_overflow_statue_of_worship, portal_sewer_entry_a
D:7:      layout_loops_ring, slow_altar_1, minmay_temple_entry_arrows,
          enter_bailey_2, minmay_fractal_squares_gapless_5
D:8:      layout_loops_ring, mainiacjoe_overflow_small_starburst,
          nicolae_overflow_hidden_temple, uniq_pikel, uniq_jeremiah
D:9:      layout_loops_ring, mainiacjoe_overflow_alcove_2,
          grunt_temple_overflow_open, orc_0_dummy, serial_shops, shop,
          serial_library_hellmonk_double_dead_end, hangedman_fish_farm,
          uniq_maggie
D:10:     minmay_the_grid_square_5x5_4x4
          [minmay_the_grid_square_5x5_eight_small,
          minmay_the_grid_square_5x5_one_wall,
          minmay_the_grid_square_5x5_checkered_statues,
          minmay_the_grid_square_5x5_hourglass,
          minmay_the_grid_square_5x5_gyroscope,
          minmay_the_grid_square_5x5_prize_open,
          minmay_the_grid_square_5x5_prize_snowflake,
          minmay_the_grid_square_5x5_empty, minmay_the_grid_square_5x5_moneybag,
          minmay_the_grid_square_5x5_prize_pseudospiral,
          minmay_the_grid_square_5x5_prize_gold,
          minmay_the_grid_square_5x5_broken_cross,
          minmay_the_grid_square_5x5_two_walls_b,
          minmay_the_grid_square_5x5_shrine2,
          minmay_the_grid_square_5x5_percent, minmay_the_grid_square_5x5_c],
          layout_stronghold, trove_entry_hex_spiral, uniq_amaemon, uniq_nergalle
D:11:     layout_basic, erik_lair_orcish_takeover, kennysheep_okawaru_gauntlet,
          uniq_grum, uniq_gastronok, uniq_josephine
D:12:     layout_cave_pods, xom_shifter_show, uniq_jorgrun
D:13:     layout_cave_pools, david_vaults_5, elyvilon_altar_1, uniq_azrael
D:14:     layout_grid_maze, roderic_lattice_octagonal_star
D:15:     hellmonk_depths_entry_around_the_bend, layout_stronghold,
          fedhas_altar_1, grunt_ministairs_10
Temple:   hellmonk_temple_rainy
Lair:1:   layout_cellular_growth
Lair:2:   layout_chaotic_city, elwin_shoals_entry_stream, minivault_27,
          grunt_megastairs_4, lemuel_fruit_tree, uniq_harold
Lair:3:   layout_hall_layers, dummy_snake_entry, nicolae_volcano_entry_two_sided
Lair:4:   layout_long_grid, slime_entry_1, serial_bayou_pond_e,
          kennysheep_catoblepas_arena, uniq_kirke
Lair:5:   grunt_lair_end_beastmaster, layout_cave_pods, uniq_nessos
Shoals:1: layout_shoals, nicolae_shoals_so_close
Shoals:2: layout_shoals, serial_shops, shop_statue, uniq_polyphemus,
          uniq_nikola, uniq_ilsuiw
Shoals:3: layout_shoals, gammafunk_ghost_cemetery
Shoals:4: shoals_end_simple, layout_shoals, shoal_ilsuiw,
          nicolae_shoals_hunting_party
Snake:1:  layout_chambers, serial_shops, shop, nicolae_large_snake_swirl,
          grunt_megastairs_2, uniq_donald
Snake:2:  layout_rooms, uniq_asterion
Snake:3:  layout_misc_corridors, basic_altar, grunt_ministairs_6
Snake:4:  hellmonk_snake_rune_quicksilver_temple, layout_cave_town,
          minmay_shoptagon, uniq_vashnia
Orc:1:    layout_diamond_mine
Orc:2:    pf_orc_diabolical, layout_diamond_mine, serial_shops,
          nicolae_shop_getting_attention, basic_altar, mines2_david
Elf:1:    nicolae_elf_arrival_no_cutting_in_line, layout_gridlike,
          minmay_elf_sorcery, nicolae_elf_variegated_diamond
Elf:2:    elven_hall_of_blades_hangedman_original [mumra_blade_entry_bloodbath],
          layout_geoelf_grid, serial_glass, glass_columns_a, glass_columns_c,
          glass_columns_c, glass_columns_b, glass_columns_a, glass_columns_a,
          glass_columns_a, glass_columns_b, hellmonk_sif_muna_bookshelves,
          lemuel_elevator
Elf:3:    minmay_elf_hall_dome, layout_loops_corners, drop_trap
Vaults:1: v_misc_5, v_misc_23, nicolae_vaults_sesquioval_fish,
          ontoclasm_vaults_ligature, nicolae_vaults_tetromino_T_2,
          nicolae_vaults_tetromino_Z_1, nicolae_vaults_house_2,
          vaults_room_grunt_arrival_ludios, nicolae_vaults_asterisk,
          layout_vaults_quadrants
Vaults:2: vaults_mumra_hex, vaults_dpeg_cross, nicolae_vaults_house_3,
          nicolae_vaults_six-pack, nicolae_vaults_tetromino_L_2,
          v_alt_pattern_6, v_pattern_3, nicolae_vaults_windows_and_doors_thing,
          v_misc_5, nicolae_vaults_house_3, layout_vaults_omnibox, serial_shops,
          statue_bzr
Vaults:3: nicolae_vaults_frosty_reception, nicolae_vaults_tetromino_L_1,
          nicolae_vaults_storage_closets_3, nicolae_vaults_tangram_2,
          vaults_room_large_hall, minmay_crypt_entry_necro_gods,
          ontoclasm_vaults_chip, hangedman_vaults_stream,
          nicolae_vaults_storage_closets_2, vaults_room_corners,
          nicolae_vaults_shipping_containers_3, vaults_mumra_lcd,
          vaults_room_stairs_pillars, nicolae_vaults_ring_of_whatevers,
          nicolae_vaults_house_3, layout_vaults_maze_bifur
Vaults:4: nicolae_vaults_ellipses_ellipsis, hangedman_vaults_variations,
          nicolae_vaults_halls_meeting, grunt_vaults_funnel,
          nicolae_vaults_yaktaur_gun_rack, v_misc_19, nicolae_vaults_turnstiles,
          nicolae_vaults_rhombus_7, nicolae_vaults_heist,
          hangedman_vaults_stretched_pinwheel, layout_vaults_ring, serial_shops,
          nicolae_shop_stone
Vaults:5: serial_shops, uniq_xtahua
Depths:1: layout_honeycomb, pf_hell_entry_great_geh, serial_bayou_ford_a,
          abyss_entry, rand_demon_pan_entry_5, minivault_16,
          hangedman_decor_diamond_cutter, nicolae_letterblocks
          [nicolae_letter_subblock, nicolae_letter_subblock,
          nicolae_letter_subblock, nicolae_letter_subblock,
          nicolae_letter_subblock, nicolae_letter_subblock,
          nicolae_letter_subblock, nicolae_letter_subblock,
          nicolae_letter_subblock, nicolae_letter_subblock,
          nicolae_letter_subblock, nicolae_letter_subblock,
          nicolae_letter_subblock, nicolae_letter_subblock,
          nicolae_letter_subblock, nicolae_letter_subblock,
          nicolae_letter_subblock, nicolae_letter_subblock,
          nicolae_letter_subblock, nicolae_letter_subblock,
          nicolae_letter_subblock, nicolae_letter_subblock,
          nicolae_letter_subblock, nicolae_letter_subblock,
          nicolae_letter_subblock]
Depths:2: thingy_vault_2, layout_gridville, grunt_pan_entry_zigzag,
          nicolae_ru_awakened_eye, abyss_entry_flame_altar, serial_shops,
          nicolae_inconvenience_store, hell_entry, kennysheep_windowed_goal
Depths:3: grunt_house_of_mirrors, layout_basic, enter_ziggurat_d,
          rand_demon_pan_entry_7, minmay_misc_feat_secret_circle, hell_entry,
          hangedman_abyss_entry_splay, kennysheep_pointless_box, minivault_16,
          st_stairs_4, infiniplex_staircase_pillars_2
Depths:4: lemuel_castle_with_subvaults [lemuel_castle_interior_carwin_1],
          layout_cave_shapes, lemuel_crystal_altar, grunt_metal_band,
          nicolae_concentric_dashed_squares_wild, minmay_shop_grove
Hell
Zot:1:    layout_basic, ebering_ghost_rock_garden
Zot:2:    layout_misc_corridors
Zot:3:    kennysheep_room_grid, layout_misc_corridors,
          regret_index_zotdec_tunneler
Zot:4:    kennysheep_blocky_room, layout_cathedral_of_symmetry
Zot:5:    layout_cathedral_of_symmetry

Skill      XL: |  1  2  3  4  5  6  7  8  9 10 11 12 13 14 15 16 17 18 19 20 21 22 23 24 25 26 27 |
---------------+----------------------------------------------------------------------------------+-----
Stealth        | 1 2 3 4 6 7 9 10 12 15 16 17 18 20 22 | 22.6
Fighting       | 2 3 4 5 6 8 9 10 11 12 13 14 15 16 18 20 21 | 21.3
Unarmed Combat | 4 5 6 7 8 10 11 12 13 14 15 16 18 20 21 | 21.7
Shapeshifting  | 4 5 7 8 9 10 12 16 17 19 20 23 25 | 25.0
Dodging        | 4 6 8 10 12 13 14 15 16 18 | 18.0
Shields        | 4 5 6 |  6.0
Translocations | 10 15 | 15.0
Spellcasting   | 5 12 15 | 15.0
Throwing       | |  0.2

Action                     |  1- 3 |  4- 6 |  7- 9 | 10-12 | 13-15 | 16-18 | 19-21 | 22-24 | 25-27 || total
---------------------------+-------+-------+-------+-------+-------+-------+-------+-------+-------++-------
  Melee: Unarmed           |    74 |    90 |   251 |   513 |   846 |   747 |  1296 |  1295 |  1317 ||  6429
         Constrict         |    23 |    22 |    66 |    86 |   176 |   110 |   147 |    90 |    88 ||   808
         Tentacles         |    17 |    19 |    60 |   153 |   253 |   197 |   267 |   255 |   162 ||  1383
         Punch             |     2 |     3 |    13 |     2 |    38 |    77 |   127 |   131 |   101 ||   494
  Throw: Dart              |       |     1 |     4 |       |       |       |       |       |       ||     5
   Cast: Manifold Assault  |       |       |       |       |       |       |   348 |   463 |   645 ||  1456
         Lesser Beckoning  |       |       |       |       |       |       |       |       |     2 ||     2
         Wereblood         |       |       |       |       |       |       |       |       |     2 ||     2
 Invoke: Call Merchant     |       |       |       |       |       |       |       |    11 |     3 ||    14
    Use: Scroll            |       |       |    14 |     8 |    11 |    13 |     1 |     3 |     3 ||    53
         Potion            |       |       |     1 |     7 |     2 |     1 |     1 |     2 |     8 ||    22
   Stab: Sleeping          |     9 |    16 |    16 |    19 |    33 |    43 |    23 |     2 |     4 ||   165
         Distracted        |       |       |     4 |    10 |    16 |    15 |    24 |    21 |    14 ||   104
         Petrified         |       |       |       |       |     8 |       |     3 |       |       ||    11
 Armour: Skin              |    31 |    56 |   127 |   189 |   352 |   353 |   336 |   429 |   511 ||  2384
  Dodge: Dodged            |    30 |    43 |   135 |   380 |  1411 |  1118 |  1210 |  1525 |  1596 ||  7448
  Block: Kite shield       |       |       |       |       |       |   530 |   983 |   920 |   737 ||  3170
         Buckler           |       |       |       |       |       |     3 |       |       |       ||     3
   Form: Flux              |       |       |       |     2 |       |       |       |       |       ||     2
         Beast             |       |       |       |     1 |       |       |       |       |       ||     1
         Statue            |       |       |       |       |     2 |     1 |       |     1 |     3 ||     7
         Serpent           |       |       |       |       |     1 |       |       |       |       ||     1
         Blade             |       |       |       |       |       |     1 |       |       |       ||     1
         Death             |       |       |       |       |       |       |       |     1 |     1 ||     2
         Storm             |       |       |       |       |       |       |       |       |     2 ||     2

Table legend: (Time is in decaauts)
 A = Elapsed time spent in this place.
 B = Non-inter-level travel time spent in this place.
 C = Inter-level travel time spent in this place.
 D = Time resting spent in this place.
 E = Time spent auto-exploring this place.
 F = Levels seen in this place.
 G = Mean time per level.
                   A        B        C        D        E       F      G
               +--------+--------+--------+--------+--------+-----+--------+
         Total | 105470 |  94109 |  11361 |   3782 |  72283 |  57 | 1850.4 |
       Dungeon |  20764 |  16850 |   3914 |    216 |  13176 |  15 | 1384.3 |
        Temple |      1 |      1 |      0 |      0 |      0 |   1 |    1.0 |
          Lair |   6838 |   6201 |    637 |     13 |   5064 |   5 | 1367.6 |
        Shoals |   7614 |   7286 |    328 |     31 |   5613 |   4 | 1903.5 |
     Snake Pit |   7886 |   7298 |    588 |     94 |   5664 |   4 | 1971.5 |
  Orcish Mines |   4271 |   3675 |    596 |    148 |   2480 |   2 | 2135.5 |
   Elven Halls |   5684 |   5041 |    643 |    166 |   3765 |   3 | 1894.7 |
        Vaults |  16137 |  14657 |   1480 |    339 |  12033 |   5 | 3227.4 |
        Depths |  14911 |  13410 |   1501 |    827 |  10513 |   4 | 3727.8 |
          Hell |    255 |    255 |      0 |      0 |      0 |   1 |  255.0 |
           Zot |  10803 |   9132 |   1671 |   1347 |   6235 |   5 | 2160.6 |
   Pandemonium |   8574 |   8574 |      0 |    559 |   6750 |   3 | 2858.0 |
        Bazaar |    141 |    141 |      0 |      0 |    119 |   1 |  141.0 |
         Trove |    111 |    111 |      0 |      0 |     12 |   1 |  111.0 |
         Sewer |    629 |    629 |      0 |     36 |    427 |   1 |  629.0 |
        Bailey |    179 |    179 |      0 |      0 |     87 |   1 |  179.0 |
       Volcano |    664 |    664 |      0 |      3 |    342 |   1 |  664.0 |
               +--------+--------+--------+--------+--------+-----+--------+

Top non-repeatable levels by time:
Vaults:4: 4738 daAuts
Depths:4: 4227 daAuts
Depths:3: 3774 daAuts
Depths:1: 3729 daAuts
   Zot:5: 3607 daAuts
 Snake:4: 3419 daAuts
   Orc:2: 3263 daAuts
Depths:2: 3180 daAuts
Vaults:1: 3021 daAuts
    D:10: 3015 daAuts
Vaults:2: 2893 daAuts
Vaults:5: 2793 daAuts
Vaults:3: 2690 daAuts
    D:15: 2613 daAuts
Shoals:4: 2415 daAuts
